AoeStats
← Salmonella Fitzgerald

Arabia

506022491Analyzed
3v3 RM · 20d ago on Sep 12, 2026· 43m 34s· 6 players
Game mode
Random Map
Map size
Normal (6 player)
Population
200
Speed
Normal
Resources
Standard
Victory
Conquest
Starting age
Dark Age
Ending age
Imperial Age
RankedLock teamsTeams togetherTeam positionsShared explorationLock speedFull tech treeHidden civsTurbo modeCheats
Victory
Defeat
🇦🇷 Magyars · Argentina
871
+21
🇦🇷 Persians · Argentina
858
+21
🇦🇷 Cumans · Argentina
839
+22
🇦🇷 Britons · Argentina
1060
-24
🇦🇷 Spanish · Argentina
956
-21
🇦🇷 Franks · Argentina
916
-19
CHINPOKOMON
8:36 Loom
12:11 Feudal Age
14:05 Double-Bit Axe
17:34 Castle Age
16:36 Gold Mining
17:32 Horse Collar
22:15 Forging
23:00 Scale Barding Armor
25:03 Iron Casting
27:12 Wheelbarrow
27:00 Bloodlines
29:19 Town Watch
30:30 Hand Cart
30:44 Chain Barding Armor
32:58 Town Patrol
37:17 Gold Shaft Mining
39:30 Imperial Age
37:52 Steppe Husbandry
37:59 Heavy Plow
37:24 Pikeman
38:04 Squires
38:22 Bow Saw
38:43 Scale Mail Armor
41:14 Blast Furnace
42:22 Crop Rotation
little_moyo
5:36 Loom
13:32 Feudal Age
14:13 Double-Bit Axe
14:12 Horse Collar
15:22 Stone Mining
16:25 Bloodlines
19:56 Wheelbarrow
22:29 Castle Age
20:51 Fletching
21:07 Gold Mining
24:26 Bow Saw
25:02 Gold Shaft Mining
24:31 Heavy Plow
25:44 Bodkin Arrow
25:58 Corvinian Army
25:56 Crossbowman
27:20 Hand Cart
27:52 Pikeman
38:14 Ballistics
38:55 Murder Holes
39:30 Scale Barding Armor
44:04 Imperial Age
#Garro
6:20 Loom
10:04 Feudal Age
11:09 Double-Bit Axe
15:52 Horse Collar
22:28 Castle Age
20:28 Fletching
22:07 Forging
22:38 Gold Mining
27:21 Gold Shaft Mining
26:37 Stone Mining
29:11 Bodkin Arrow
30:33 Husbandry
34:21 Bow Saw
37:12 Imperial Age
35:43 Iron Casting
35:09 Scale Mail Armor
35:10 Padded Archer Armor
37:07 Elite Skirmisher
39:03 Chemistry
Zack Ratio
7:31 Loom
11:14 Feudal Age
12:18 Double-Bit Axe
23:22 Castle Age
23:33 Padded Archer Armor
23:24 Fletching
24:37 Crossbowman
25:20 Bodkin Arrow
25:40 Leather Archer Armor
25:44 Scale Mail Armor
25:58 Forging
35:45 Imperial Age
33:03 Town Watch
34:09 Pikeman
34:49 Squires
37:16 Town Patrol
37:53 Wheelbarrow
41:20 Hand Cart
Salmonella Fitzgerald
7:11 Loom
11:52 Feudal Age
13:09 Double-Bit Axe
20:51 Wheelbarrow
24:58 Castle Age
24:35 Scale Barding Armor
24:41 Forging
29:16 Chain Barding Armor
37:14 Hand Cart
37:20 Hand Cart
38:02 Iron Casting
elpedritox
2:34 Loom
10:10 Feudal Age
11:10 Double-Bit Axe
20:33 Forging
23:04 Castle Age
24:23 Scale Barding Armor
24:32 Pikeman
25:27 Husbandry
26:39 Chain Barding Armor
32:20 Iron Casting
33:51 Bloodlines
33:22 Elite Skirmisher
40:46 Imperial Age
Connection lost

Rejoining the realm…

Still unreachable

The connection could not be restored.

Session expired

The server has moved on; the page needs a fresh start.